Map: Ephemeron LE

Players

Ratl - Winner!

  • Race: Protoss Protoss
  • League: Silver
  • Spawn Location: 11:00

VOD

Have the link to the VOD?

Description

Time

  • Played on: Feb. 3, 2020, 2:19 p.m.
  • Length: 12:07
Show
View Real Time Build Order
Export as new Build Order

Ratl Protoss - Winner!

Build Orders: 1 Gate Expand, Archon Immortal 

Get SALT Encoding   

  12  0:02  Probe  
  12  0:14  Probe  
  12  0:17  Pylon  
  12  0:27  Probe  
  12  0:39  Probe  
  12  0:42  Gateway  
  12  0:51  Probe  
  12  1:03  Probe  
  12  1:10  Assimilator  
  12  1:15  Probe  
  12  1:27  Probe  
  12  1:33  Nexus  
  12  1:39  Probe  
  12  1:44  Cybernetics Core  
  12  1:58  Probe  
  12  2:06  Assimilator  
  12  2:10  Probe (Chrono Boost)  
  12  2:19  Warp Gate (Chrono Boost)  
  12  2:29  Pylon  
  12  2:44  Stalker  
  12  2:48  Probe x2 (Chrono Boost)  
  12  2:58  Probe (Chrono Boost)  
  12  3:00  Probe (Chrono Boost)  
  12  3:04  Gateway  
  12  3:06  Gateway  
  12  3:08  Forge  
  12  3:10  Probe x2  
  12  3:18  Stalker  
  12  3:22  Probe x2  
  12  3:31  Twilight Council  
  12  3:36  Probe x2  
  12  3:40  Assimilator  
  12  3:43  Protoss Ground Weapons Level 1 (Chrono Boost), Pylon  
  12  3:48  Probe x2  
  12  4:01  Pylon  
  12  4:05  Stalker x3  
  12  4:12  Charge  
  12  4:35  Probe (Chrono Boost), Assimilator  
  12  4:38  Stalker x3  
  12  4:41  Probe (Chrono Boost)  
  12  4:45  Probe (Chrono Boost)  
  12  4:49  Probe (Chrono Boost)  
  12  4:50  Probe (Chrono Boost)  
  12  5:00  Probe  
  12  5:02  Probe, Zealot  
  12  5:03  Zealot  
  12  5:15  Pylon  
  12  5:17  Pylon  
  12  5:30  Pylon  
  12  5:33  Probe x2, Pylon  
  12  5:35  Stalker x3  
  12  5:37  Nexus  
  12  5:45  Probe x2  
  12  5:59  Probe x2  
  12  6:04  Robotics Facility  
  12  6:07  Robotics Facility  
  12  6:11  Probe x2  
  12  6:23  Probe  
  12  6:24  Probe  
  12  6:35  Probe  
  12  6:36  Probe  
  12  6:37  Templar Archives  
  12  6:48  Pylon  
  12  6:52  Forge  
  12  6:53  Protoss Ground Armor Level 1 (Chrono Boost)  
  12  6:59  Immortal x2  
  12  7:11  Zealot x3  
  12  7:13  Probe  
  12  7:14  Probe  
  12  7:16  Probe  
  12  7:19  Assimilator  
  12  7:23  Protoss Ground Weapons Level 2 (Chrono Boost), Assimilator  
  12  7:25  Probe  
  12  7:26  Probe  
  12  7:28  Probe  
  12  7:38  Observer x2  
  12  7:44  Gateway  
  12  7:45  Gateway  
  12  7:47  Gateway  
  12  7:55  Gateway  
  12  7:57  Gateway  
  12  8:09  Probe x2  
  12  8:10  Probe  
  12  8:14  Zealot x3  
  12  8:21  Probe  
  12  8:22  Probe x2  
  12  8:39  Pylon  
  12  8:41  Pylon  
  12  8:44  Pylon  
  12  8:45  Pylon  
  12  8:52  Pylon  
  12  8:56  Protoss Ground Armor Level 2 (Chrono Boost)  
  12  8:57  Pylon, Immortal x2  
  12  9:16  High Templar  
  12  9:17  High Templar x5  
  12  9:19  High Templar x2  
  12  9:23  Archon x4  
  12  9:33  Immortal x2 (Chrono Boost), Nexus  
  12  10:06  Immortal x2, Zealot x4  
  12  10:07  Zealot  
  12  10:32  Pylon  
  12  10:34  Pylon  
  12  10:35  Pylon, Photon Cannon  
  12  10:37  Pylon, Photon Cannon  
  12  10:39  Pylon  
  12  10:52  Robotics Bay  
  12  10:59  Photon Cannon x2  
  12  11:02  Zealot x4  
  12  11:03  Zealot x4  
  12  11:11  Immortal x2  
  12  11:13  Photon Cannon  
  12  11:15  Photon Cannon  
  12  11:17  Photon Cannon  
  12  11:48  High Templar  
  12  11:49  High Templar x2  
  12  11:50  High Templar x2  
  12  11:51  High Templar  
  12  11:56  Assimilator  
  12  11:57  Archon x2  
  12  11:58  Archon  
Tags
 
Add a new tag
Caveats
  • Supply blocks, unpowered buildings, or Contaminate may cause inaccurate times.
  • Supply counts are checked every 10 seconds.